 Dungeon Crawl Stone Soup version 0.20-a0-984-ge8aa303 (webtiles) character file.

43 AlphabetPasta the Vexing (level 3, -2/32 HPs)
             Began as an Ogre Enchanter on Apr 10, 2017.
             Succumbed to Terence's poison
             ... on level 1 of the Dungeon.
             The game lasted 00:06:15 (1281 turns).

AlphabetPasta the Vexing (Ogre Enchanter)           Turns: 1281, Time: 00:06:16

Health: -2/32      AC:  5    Str: 12      XL:     3   Next: 58%
Magic:  6/6        EV: 10    Int: 16      God:
Gold:   42         SH:  0    Dex:  9 (10) Spells: 1/7 levels left

rFire    . . .     SeeInvis .   a - +1 dagger
rCold    . . .     Gourm    .   (no shield)
rNeg     . . .     Faith    .   b - +0 robe
rPois    .         Spirit   .   (helmet restricted)
rElec    .         Reflect  .   (no cloak)
rCorr    .         Harm     .   (gloves unavailable)
MR       .....                  (boots unavailable)
Stlth    ++........             (no amulet)
Regen    0.1/turn               (no ring)
MPRegen  0.1/turn               (no ring)

@: lethally poisoned (-2 -> -39)
A: unfitting armour, horns 1, molten scales 1, blink, deterioration 1, tough
skin 1
a: Blink


You were on level 1 of the Dungeon.
You were not hungry.

You visited 1 branch of the dungeon, and saw 2 of its levels.

You collected 42 gold pieces.

Inventory:

Hand Weapons
 a - a +1 dagger (weapon)
Missiles
 g - 8 poisoned needles
Armour
 b - a +0 robe (worn)
Jewellery
 k - an uncursed ring of fire {unknown}
 q - an uncursed ring of poison resistance {unknown}
Books
 c - a book of Maledictions

   Spells                             Type                      Level
   a - Corona                         Hexes                        1
   b - Ensorcelled Hibernation        Hexes/Ice                    2
   c - Confuse                        Hexes                        3
   d - Tukima's Dance                 Hexes                        3
   e - Dazzling Spray                 Conjuration/Hexes            3
Comestibles
 d - 2 bread rations
 f - 2 meat rations
 h - 2 chunks of flesh
 o - a royal jelly


   Skills:
 + Level 0.6 Fighting
 * Level 1.3 Short Blades
 + Level 2.0 Dodging
 * Level 2.5 Stealth
 + Level 2.6 Spellcasting
 * Level 3.1 Hexes


You had one spell level left.
You knew the following spells:

 Your Spells              Type           Power        Failure   Level  Hunger
a - Corona                Hex            ##.....      8%          1    #......
b - Ensorcelled Hibernat  Hex/Ice        #.....       17%         2    ##.....
c - Confuse               Hex            ##......     17%         3    ###....


Dungeon Overview and Level Annotations

Branches:
Dungeon (2/15)

Altars:

Annotations:
D:1 Terence


Innate Abilities, Weirdness & Mutations

You are too large for most types of armour.
You have tough skin. (AC +1)
You have a pair of small horns on your head.
You are partially covered in molten scales. (AC +2)
You can translocate small distances at will.
Your body sometimes deteriorates upon taking damage.


Message History

The ball python bites you but does no damage.
The ball python barely misses you.
You hit Terence but do no damage.
You feel sick. Terence hits you with a mace of venom.
* * * LOW HITPOINT WARNING * * *
The ball python bites you but does no damage.
You closely miss Terence. Your headbutt misses Terence.
* * * LOW HITPOINT WARNING * * *
You feel sick. Terence hits you with a mace of venom.
* * * LOW HITPOINT WARNING * * *
Your body deteriorates!
You feel clumsy.
You are more poisoned.
The ball python bites you but does no damage.
You hit Terence but do no damage.
* * * LOW HITPOINT WARNING * * *
You feel sick.
The ball python bites you but does no damage.
Terence hits you but does no damage.
You are more poisoned.
You closely miss Terence.
You die...

# #..# #.###
# #..#######
#.#
####..#.....#
#.#
......#####.#
#.# ......#
#.# #.#
......# #.#
#.# .###..#
#.# #.# .#
#..#
#.######.# )#
#..#
#....S@@.#
.###..#
#...######
......# #.#.#
......# #.#.#
......# #.#.#
..##..# #.#.#
<.##..# #.#.#
......# #.#.#
......#
#.#.##


You could see Terence and a ball python.

Vanquished Creatures
  An adder (D:2)
  A dart slug (D:1)
  3 leopard geckos (D:1)
  5 goblins
  4 hobgoblins
  4 jackals (D:1)
  A quokka (D:1)
  3 frilled lizards (D:1)
  3 kobolds
  2 rats
27 creatures vanquished.

Notes
Turn   | Place    | Note
-------+----------+-------------------------------------------
     0 | D:1      | AlphabetPasta the Ogre Enchanter began the quest for the Orb.
     0 | D:1      | Reached XP level 1. HP: 16/16 MP: 3/3
   234 | D:1      | Reached skill level 1 in Short Blades
   288 | D:1      | Reached XP level 2. HP: 26/26 MP: 2/5
   297 | D:1      | Learned a level 2 spell: Ensorcelled Hibernation
   415 | D:1      | Reached skill level 3 in Hexes
   900 | D:2      | Learned a level 2 spell: Ensorcelled Hibernation
   910 | D:2      | Reached XP level 3. HP: 32/32 MP: 6/6
  1165 | D:2      | Learned a level 3 spell: Confuse
  1222 | D:2      | Noticed Terence
  1277 | D:1      | Gained mutation: Your body sometimes deteriorates upon taking damage. [potion of mutation]
  1277 | D:1      | Gained mutation: You are partially covered in molten scales. (AC +2) [potion of mutation]
  1277 | D:1      | Gained mutation: You can translocate small distances at will. [potion of mutation]
  1277 | D:1      | Gained mutation: You have a pair of small horns on your head. [potion of mutation]
  1280 | D:1      | HP: 1/32 [poisoned by Terence]
  1281 | D:1      | Succumbed to Terence's poison

Vault maps used:
D:1:      dpeg_arrival_boxorama
D:2:      first_bread, uniq_terence

Skill      XL: |  1  2  3 |
---------------+----------+-----
Short Blades   | 1 |  1.3
Hexes          | 3 |  3.1
Dodging        | 2 |  2.0
Fighting       | |  0.6
Stealth        | |  2.5
Spellcasting   | |  2.6

Action                   || total
-------------------------++-------
Melee: Dagger            ||    94
 Cast: Corona            ||    19
       Ensorcelled Hiber ||     7
  Use: Scroll            ||     5
       Potion            ||     1
 Stab: Sleeping          ||    10
  Eat: Royal jelly       ||     1
       Chunk             ||     1
Armor: Robe              ||    23
Dodge: Dodged            ||    52
